 Dungeon Crawl Stone Soup version 0.26-a0-146-g24f6d3962c (webtiles) character file.

Game seed: 17942539636485607533

13605 tilp the Severer (level 12, 0/103 HPs)
             Began as a Hill Orc Monk on June 29, 2020.
             Was a High Priest of Beogh.
             Slain by a fire dragon (12 damage)
             ... in a volcano.
             The game lasted 00:29:47 (14931 turns).

tilp the Severer (Hill Orc Monk)                   Turns: 14931, Time: 00:29:48

Health: 0/103      AC: 21    Str: 19    XL:     12   Next: 7%
Magic:  19/19      EV:  6    Int: 10    God:    Beogh [*****.]
Gold:   786        SH: 11    Dex: 13    Spells: 11/11 levels left

rFire    + + .     SeeInvis .   b - +0 war axe
rCold    . . .     Faith    .   y - +2 kite shield
rNeg     . . .     Spirit   .   h - +0 plate armour
rPois    .         Reflect  .   o - +1 helmet
rElec    .         Harm     .   B - scarf {rC+ rF+}
rCorr    .                      (no gloves)
MR       .....                  s - +2 pair of boots
Stlth    ..........             J - amulet of the acrobat
HPRegen  0.27/turn              X - +4 ring of protection
MPRegen  0.16/turn              T - ring of fire

@: mighty
A: walk on water
a: Smiting, Recall Orcish Followers, Give Item to Named Follower, Renounce
Religion


You were in a volcano.
You worshipped Beogh.
Beogh was extremely pleased with you.
You were very hungry.

You visited 2 branches of the dungeon, and saw 12 of its levels.
You also visited: Ossuary and Volcano.

You collected 786 gold pieces.

Inventory:

Hand Weapons
 a - a +3 hand axe
 b - a +0 war axe (weapon)
Missiles
 d - 14 boomerangs (quivered)
 k - 47 poisoned darts
 t - a throwing net
Armour
 h - a +0 plate armour (worn)
 o - a +1 helmet (worn)
 s - a +2 pair of boots (worn)
 y - a +2 kite shield (worn)
 B - a scarf of resistance (worn)
Jewellery
 J - an amulet of the acrobat (around neck)
 R - an uncursed ring of flight
 T - a ring of fire (right hand)
 X - a +4 ring of protection (left hand)
Wands
 e - a wand of polymorph (9)
 A - a wand of paralysis (14)
 D - a wand of acid (12)
 O - a wand of iceblast (19)
Scrolls
 n - 4 scrolls of teleportation
 z - 8 scrolls of remove curse
 F - 2 scrolls of blinking
 N - a scroll of vulnerability {unknown}
 P - a scroll of acquirement {unknown}
 Q - a scroll of torment {unknown}
 S - a scroll of random uselessness {unknown}
 W - a scroll of noise {unknown}
Potions
 g - 3 potions of flight {unknown}
 j - 4 potions of curing
 l - 3 potions of resistance
 m - a potion of mutation {unknown}
 p - 2 potions of might
 q - 3 potions of stabbing
 u - 3 potions of berserk rage
 w - 4 potions of lignification
 E - 5 potions of haste
 G - a potion of ambrosia {unknown}
 H - 2 potions of heal wounds {unknown}
 K - a potion of brilliance {unknown}
Miscellaneous
 V - a box of beasts
Comestibles
 c - 14 rations


   Skills:
 + Level 8.4 Fighting
 * Level 15.6 Axes
 + Level 5.0 Armour
 + Level 5.6 Dodging
 - Level 1.5 Stealth
 - Level 4.0 Shields
 + Level 10.1 Invocations
 + Level 6.2 Evocations


You had 11 spell levels left.
You didn't know any spells.
Your spell library contained the following spells:

 Spells                   Type           Power        Failure   Level  Hunger
 Animate Skeleton         Necr           N/A          100%        1    ##.....
 Apportation              Tloc           #.....       100%        1    ##.....
 Corona                   Hex            #......      100%        1    ##.....
 Magic Dart               Conj           #...         100%        1    ##.....
 Summon Small Mammal      Summ           #...         100%        1    ##.....
 Blink                    Tloc           N/A          100%        2    ###....
 Call Imp                 Summ           #.......     100%        2    ###....
 Searing Ray              Conj           #.....       100%        2    ###....
 Slow                     Hex            #.......     100%        2    ###....
 Confusing Touch          Hex            #.......     100%        3    ####...
 Conjure Flame            Conj/Fire      #.......     100%        3    ####...
 Dazzling Flash           Conj/Hex       #.....       100%        3    ####...
 Gell's Gravitas          Tloc           #.........   100%        3    ####...
 Mephitic Cloud           Conj/Pois/Air  #.......     100%        3    ####...
 Fulminant Prism          Conj/Hex       #.........   100%        4    #####..
 Iskenderun's Mystic Bla  Conj/Tloc      #.......     100%        4    #####..
 Petrify                  Tmut/Erth      #.......     100%        4    #####..
 Summon Lightning Spire   Summ/Air       #.......     100%        4    #####..
 Metabolic Englaciation   Hex/Ice        #.........   100%        5    ######.
 Silence                  Hex/Air        #.........   100%        5    ######.
 Yara's Violent Unravell  Hex/Tmut       #.........   100%        5    ######.
 Conjure Ball Lightning   Conj/Air       #.........   100%        6    #######
 Tornado                  Air            #.........   100%        9    #######


Dungeon Overview and Level Annotations

Branches:
Dungeon (11/15)            Temple (0/1) D:4            Lair (1/6) D:8
    Orc (0/2) D:11        Ossuary (visited)         Volcano (1/1)

Altars:
Cheibriados
Fedhas
Hepliaklqana
Kikubaaqudgha
Makhleb
Nemelex Xobeh
Ru
Trog
Uskayaw
The Shining One

Annotations:
D:6 dig vault
Lair:1 3 runed translucent doors, kal9871's ghost, journeyman NaTm


Message History

* * * LOW HITPOINT WARNING * * *
Unknown command.
Your plate armour prevents you from hitting the fire dragon.
The fire dragon is heavily wounded.
You are engulfed in blazing flames.
You resist.
* * * LOW HITPOINT WARNING * * *
The fire dragon breathes flames at you. The blast of flame hits you!
You resist.
* * * LOW HITPOINT WARNING * * *
You closely miss the fire dragon.
The fire dragon is heavily wounded.
You hit the fire bat.
You are engulfed in blazing flames.
You resist.
* * * LOW HITPOINT WARNING * * *
The fire bat bites you but does no damage.
The fire dragon breathes flames at you. The blast of flame hits you!
You resist.
* * * LOW HITPOINT WARNING * * *
You feel better. You block the fire bat's attack. x2
The fire dragon bites you!
You die...

#○○# ##≈§§ ≈≈§§ ≈.$ )! !##
#D# #### #### #@##
#...##..### #####b########
#.....#...###.............
§...bb####........≈°≈.≈≈..
§...≈## ###.....°≈≈°≈≈≈≈≈
§..≈## #.....≈≈≈°≈°≈≈≈§≈
≈≈○# ##....§§°°≈°≈°≈§≈ §○#
#.....≈≈°≈≈≈≈≈≈≈. #○
##.....§§≈≈≈≈§≈§.


You could see a fire dragon (catching breath) and a fire bat.

Vanquished Creatures
  A hydra (Lair:1)
  3 two-headed ogres
  Pikel (D:8)
  Psyche (D:11)
  Maggie (D:10)
  A spiny frog (Lair:1)
  A troll (D:11)
  A hornet (D:10)
  Grinder (D:3)
  Sigmund (D:3)
  2 wyverns
  8 yaks
  2 shadows
  3 fire bats (Volcano)
  A steam dragon (D:11)
  Grum (D:5)
  A hungry ghost (D:11)
  Duvessa (D:7)
  A water moccasin (D:9)
  The ghost of Xtruder99 the Firebug, an amateur DEFE (D:3)
  An orc warrior (D:11)
  2 ice beasts (D:6)
  2 black bears (D:7)
  A sky beast (D:7)
  A necrophage (D:5)
  A phantom (D:7)
  A wolf (D:9)
  A centaur (D:9)
  3 ogres
  A crocodile (D:8)
  3 big kobolds
  4 bullfrogs
  2 gnoll sergeants (D:5)
  Dowan (D:7)
  A scorpion (D:6)
  An oklob sapling (D:4)
  2 killer bees (D:8)
  A wight (D:11)
  6 howler monkeys
  A crimson imp (D:8)
  2 bullfrog zombies
  3 jellies
  2 bullfrog skeletons
  A gnoll shaman (D:5)
  8 hounds
  3 orc priests
  2 centaur skeletons
  An iron imp (D:5)
  3 orc wizards
  Terence (D:3)
  Jessica (D:3)
  2 iguanas
  A worker ant (D:11)
  A killer bee zombie (D:8)
  A big kobold zombie (Ossuary)
  A hound skeleton (D:8)
  9 mummies
  2 worker ant zombies
  6 gnolls (D:5)
  8 adders
  2 shadow imps
  A worker ant simulacrum (D:9)
  An ufetubus (D:9)
  A worm (D:3)
  A dart slug (D:1)
  7 leopard geckos
  11 orcs
  A ball python (D:5)
  3 bats
  4 giant cockroaches
  A gnoll zombie (Ossuary)
  7 goblins
  2 hobgoblins (D:1)
  17 jackals
  3 quokkas
  3 frilled lizards
  A goblin skeleton (D:5)
  2 goblin zombies (D:5)
  A jackal zombie (D:5)
  14 kobolds
  A kobold skeleton (D:5)
  8 kobold zombies
  2 orc skeletons (D:5)
  5 orc zombies
  6 rats
  A plant (D:4)
233 creatures vanquished.

Vanquished Creatures (collateral kills)
  A two-headed ogre (D:11)
  A centaur zombie (D:11)
  A spiny frog (Lair:1)
  2 polar bears (D:9)
  3 yaks (D:11)
  A hungry ghost (D:11)
  A basilisk (D:8)
  2 wyverns (D:8)
  An acid dragon (D:8)
  A water moccasin (D:9)
  2 orc warriors (D:11)
  An ice beast (D:10)
  An ogre (D:11)
  A necrophage (D:10)
  A centaur (D:11)
  A bullfrog (D:11)
  A wyvern skeleton (D:10)
  A scorpion (D:9)
  3 killer bees (D:8)
  4 wights (D:11)
  2 crimson imps
  2 jellies
  A hound (D:9)
  2 orc wizards
  2 orc priests (D:11)
  A worker ant (D:9)
  A centaur simulacrum (D:9)
  A river rat (D:3)
  A worm (D:3)
  11 orcs
  A bat (D:3)
  3 jackals
  A kobold (D:10)
59 creatures vanquished.

Vanquished Creatures (others)
  An orc warrior (D:8)
  3 orc priests
  An orc wizard (D:11)
  An adder (D:3)
  27 orcs
  A hobgoblin (D:3)
  A rat (D:3)
35 creatures vanquished.

Grand Total: 327 creatures vanquished

Notes
Turn   | Place    | Note
-------+----------+-------------------------------------------
     0 | D:1      | tilp the Hill Orc Monk began the quest for the Orb.
     0 | D:1      | Reached XP level 1. HP: 19/19 MP: 1/1
   432 | D:1      | Reached XP level 2. HP: 6/26 MP: 2/2
   885 | D:1      | Reached skill level 5 in Axes
  1473 | D:2      | Reached XP level 3. HP: 31/31 MP: 3/3
  1482 | D:2      | Reached skill level 6 in Axes
  1713 | D:2      | Reached XP level 4. HP: 37/39 MP: 4/4
  1778 | D:2      | Found a blossoming altar of Fedhas.
  1797 | D:2      | Reached skill level 7 in Axes
  2063 | D:2      | Reached XP level 5. HP: 45/45 MP: 5/5
  2173 | D:3      | Became a worshipper of Beogh the Brigand
  2173 | D:3      | Reached * piety under Beogh
  2173 | D:3      | Reached ** piety under Beogh
  2409 | D:3      | Found a runed translucent door.
  2423 | D:3      | Noticed Xtruder99's ghost (amateur DEFE)
  2427 | D:3      | Noticed Grinder
  2481 | D:3      | Found a runed translucent door.
  2482 | D:3      | Noticed Sigmund
  2607 | D:3      | Reached skill level 8 in Axes
  2672 | D:3      | Noticed a +0 dagger
  2672 | D:3      | Noticed a +0 dagger
  2676 | D:3      | Found a hide-covered altar of Uskayaw.
  2818 | D:4      | Found a staircase to the Ecumenical Temple.
  2865 | D:4      | Found a sparkling altar of Nemelex Xobeh.
  2972 | D:4      | Got a translucent spear
  3100 | D:4      | Identified the +4 spear "Wohoz" {vamp, MR+} (You found it
                  | on level 4 of the Dungeon)
  3140 | D:5      | Entered Level 5 of the Dungeon
  3140 | D:5      | Found a snail-covered altar of Cheibriados.
  3163 | D:4      | Reached XP level 6. HP: 29/51 MP: 6/6
  3376 | D:5      | Reached skill level 9 in Axes
  3467 | D:5      | Found a glowing golden altar of the Shining One.
  3557 | D:5      | Noticed a necrophage
  3575 | D:5      | Killed a necrophage
  3738 | D:5      | Reached skill level 10 in Axes
  3738 | D:5      | Reached XP level 7. HP: 25/55 MP: 7/7
  3746 | D:5      | Reached *** piety under Beogh
  4048 | D:5      | Noticed Grum
  4071 | D:5      | Killed Grum
  4071 | D:5      | Reached skill level 11 in Axes
  4516 | D:5      | Reached XP level 8. HP: 53/62 MP: 8/8
  4597 | D:5      | Reached skill level 12 in Axes
  5843 | D:6      | Reached skill level 13 in Axes
  6452 | D:6      | Noticed a two-headed ogre
  6497 | D:6      | Killed a two-headed ogre
  6497 | D:6      | Reached skill level 14 in Axes
  6497 | D:6      | Reached skill level 1 in Evocations
  6497 | D:6      | Reached XP level 9. HP: 53/70 MP: 8/10
  6731 | D:6      | Found a sacrificial altar of Ru.
  7011 | D:7      | Noticed Dowan
  7014 | D:7      | Noticed Duvessa
  7216 | D:7      | Reached skill level 5 in Fighting
  7388 | D:7      | Killed Duvessa
  7392 | D:7      | Killed Dowan
  7553 | D:7      | Found a bloodstained altar of Trog.
  7944 | D:8      | Noticed a two-headed ogre
  7958 | D:8      | Killed a two-headed ogre
  7958 | D:8      | Reached XP level 10. HP: 81/81 MP: 12/15
  7965 | D:8      | Found a sand-covered staircase.
  8073 | Ossuary  | Entered an ossuary
  8082 | Ossuary  | Reached **** piety under Beogh
  8825 | D:8      | Found an ancient bone altar of Kikubaaqudgha.
  9632 | D:8      | Reached skill level 1 in Armour
  9632 | D:8      | Reached skill level 1 in Shields
  9744 | D:8      | Found a staircase to the Lair.
 10035 | D:8      | Noticed Pikel
 10047 | D:8      | Killed Pikel
 10894 | D:9      | Gained Marbork as an ally
 11081 | D:9      | Found a hazy altar of Hepliaklqana.
 11081 | D:9      | Found a burning altar of Makhleb.
 11533 | D:10     | Entered Level 10 of the Dungeon
 11693 | D:10     | Reached XP level 11. HP: 89/90 MP: 17/17
 11707 | D:10     | Noticed Maggie
 11727 | D:10     | Killed Maggie
 11727 | D:10     | Reached skill level 5 in Evocations
 11864 | D:10     | Reached ***** piety under Beogh
 12359 | D:11     | Found a staircase to the Orcish Mines.
 12360 | D:11     | Gained Warrok as an ally
 12367 | D:11     | Noticed a two-headed ogre
 12378 | D:11     | Killed a two-headed ogre
 12378 | D:11     | Reached skill level 5 in Dodging
 12655 | D:11     | Gained Agrik as an ally
 12667 | D:11     | Noticed Psyche
 12678 | D:11     | Killed Psyche
 12856 | D:11     | Noticed a two-headed ogre
 12862 | D:11     | Reached skill level 15 in Axes
 12871 | D:11     | Killed a two-headed ogre
 13699 | D:3      | Killed Sigmund
 13702 | D:3      | Paralysed by Grinder for 6 turns
 13704 | D:3      | Noticed Terence
 13713 | D:3      | Killed Terence
 13715 | D:3      | Killed Grinder
 13715 | D:3      | Gained Orik as an ally
 13857 | D:3      | Noticed Jessica
 13866 | D:3      | Killed Jessica
 14217 | D:3      | Killed Xtruder99's ghost
 14643 | Lair:1   | Entered Level 1 of the Lair of Beasts
 14754 | Lair:1   | Found a runed translucent gate.
 14755 | Lair:1   | Found a runed translucent gate.
 14756 | Lair:1   | Found a runed translucent gate.
 14757 | Lair:1   | Noticed a minotaur
 14758 | Lair:1   | Noticed kal9871's ghost (journeyman NaTm)
 14763 | Lair:1   | Noticed an eight-headed hydra
 14768 | Lair:1   | Killed an eight-headed hydra
 14768 | Lair:1   | Reached skill level 10 in Invocations
 14768 | Lair:1   | Reached XP level 12. HP: 94/100 MP: 12/19
 14818 | Lair:1   | Found a dark tunnel.
 14838 | Volcano  | Entered a volcano
 14870 | Volcano  | Reached skill level 5 in Armour
 14913 | Volcano  | Noticed a fire dragon
 14930 | Volcano  | HP: 3/101 [fire dragon/blast of flame (10)]
 14931 | Volcano  | Slain by a fire dragon

Illustrated notes

Levels and vault maps discovered:
D:1:      ncdulo_smallfort, layout_loops_ring
D:2:      layout_basic, fedhas_altar_2, lemuel_old_faithful
D:3:      layout_basic, dancing_weapons_uskayaw, ebering_ghost_sewer_f,
          grunt_ministairs_10, uniq_grinder, uniq_jessica, uniq_sigmund,
          uniq_terence
D:4:      layout_basic, lemuel_crystal_altar, minmay_temple_entry_oklob
D:5:      layout_cave_pools, nicolae_tso_besieged_by_evil, first_ration,
          basic_altar, serial_gnoll_camp, gnoll_camp_mini_basic,
          gnoll_camp_mini_hut, grums_kennel, gnoll_camp_mini_sergeant
D:6:      layout_loops_corners, nicolae_ru_the_path_less_chosen,
          due_unseen_surprise
D:7:      layout_loops_ring, trog_ov_bears_minmay, uniq_duvessa
D:8:      layout_basic, nicolae_overflow_crystal_walls, erik_lair_dragon,
          serial_rivers, chequers_serial_rivers_micro_b,
          chequers_serial_rivers_micro_b, chequers_serial_rivers_large_a,
          chequers_serial_rivers_room_a, chequers_serial_rivers_small_b,
          chequers_serial_rivers_micro_d, gup_ossuary_entry_pyramid, uniq_pikel
D:9:      layout_small_grid, nicolae_overflow_hidden_temple, serial_ice,
          serial_ice_l, serial_ice_g, serial_ice_n, serial_ice_h
D:10:     layout_roguey, uniq_maggie
D:11:     layout_gridville, hiddenorc2_lemuel, uniq_psyche
Lair:1:   layout_regular_city, maelrawn_ghost_gauntlet_escape,
          nicolae_volcano_entry_s_turn, uniq_sonja
Volcano:  volcano_pools

Skill      XL: |  1  2  3  4  5  6  7  8  9 10 11 12 |
---------------+-------------------------------------+-----
Axes           | 5 6 7 8 10 11 14 15 | 15.6
Fighting       | 4 6 7 8 |  8.4
Dodging        | 3 4 5 |  5.6
Invocations    | 2 7 9 10 | 10.1
Evocations     | 1 4 6 |  6.2
Armour         | 3 4 5 |  5.0
Shields        | 3 4 |  4.0
Stealth        | |  1.5

Action                   |  1- 3 |  4- 6 |  7- 9 | 10-12 || total
-------------------------+-------+-------+-------+-------++-------
Melee: Hand axe          |    91 |   287 |   442 |   189 ||  1009
       War axe           |       |       |       |   440 ||   440
Throw: Boomerang         |       |     4 |     4 |       ||     8
Invok: Convert to Beogh  |       |     1 |       |       ||     1
       Recall Orcish Fol |       |       |       |     5 ||     5
       Smiting           |       |       |       |     3 ||     3
       Give Item to Name |       |       |       |     1 ||     1
Evoke: Wand              |       |       |     6 |     1 ||     7
  Use: Scroll            |     3 |     5 |     7 |     9 ||    24
       Potion            |       |       |     1 |     2 ||     3
 Stab: Sleeping          |     1 |       |       |       ||     1
       Paralysed         |       |       |    23 |       ||    23
       Distracted        |       |       |     1 |     4 ||     5
       Invisible         |       |       |       |     1 ||     1
  Eat: Chunk             |     2 |     7 |    11 |    16 ||    36
       Ration            |       |       |     1 |     2 ||     3
Armor: Robe              |    10 |       |       |       ||    10
       Plate armour      |    19 |   262 |   198 |   265 ||   744
Dodge: Dodged            |    44 |    53 |    25 |   110 ||   232
Block: Kite shield       |       |    47 |   115 |   270 ||   432

Table legend:
 A = Non-vault XP
 B = Vault XP
 C = Vault XP percentage of total XP
 D = Non-vault monster count
 E = Vault monster count
 F = Vault count percentage of total count
                 A         B        C        D         E       F
            +---------+---------+-------+---------+---------+-------
      Total |   13318 |    6118 |  31.5 |     195 |      96 |  33.0
            +---------+---------+-------+---------+---------+-------
        D:1 |      31 |       0 |   0.0 |      16 |       0 |   0.0
        D:2 |     137 |       0 |   0.0 |      20 |       0 |   0.0
        D:3 |     110 |     680 |  86.1 |      20 |      10 |  33.3
        D:4 |      43 |      62 |  59.0 |       6 |       2 |  25.0
        D:5 |     237 |     805 |  77.3 |       7 |      31 |  81.6
        D:6 |    1575 |       0 |   0.0 |      10 |       0 |   0.0
        D:7 |     828 |     470 |  36.2 |      22 |       4 |  15.4
        D:8 |    1315 |    1342 |  50.5 |      17 |       8 |  32.0
        D:9 |     968 |     962 |  49.8 |      15 |       8 |  34.8
       D:10 |    1757 |     389 |  18.1 |      27 |       1 |   3.6
       D:11 |    4643 |     640 |  12.1 |      32 |      13 |  28.9
     Lair:1 |    1674 |       0 |   0.0 |       3 |       0 |   0.0
    Ossuary |       0 |     174 | 100.0 |       0 |      16 | 100.0
    Volcano |       0 |     594 | 100.0 |       0 |       3 | 100.0
            +---------+---------+-------+---------+---------+-------
